 Dungeon Crawl Stone Soup version 0.19.5 (webtiles) character file.

17530 McKennaii the Thaumaturge (level 12, -35/61 HPs)
             Began as a Deep Elf Fire Elementalist on May 8, 2017.
             Was an Elder of Vehumet.
             Annihilated by a reaper
             ... wielding a +1 scythe of freezing
              (40 damage)
             ... in an ice cave.
             The game lasted 00:58:25 (11449 turns).

McKennaii the Thaumaturge (DEFE)                   Turns: 11449, Time: 00:58:25

Health: -35/61     AC: 10    Str:  5    XL:     12   Next: 19%
Magic:  4/32       EV: 11    Int: 28    God:    Vehumet [****..]
Gold:   596        SH:  0    Dex: 15    Spells: 6 memorised, 23 levels left

rFire  . . .     SeeInvis +     H - staff of energy
rCold  . . .     Gourm    .     O - +1 ring mail "Laff" {Int+2}
rNeg   . . .     Faith    .     (no shield)
rPois  .         Spirit   .     B - +2 hat
rElec  .         Reflect  .     f - +1 cloak
rCorr  .         Harm     .     (no gloves)
MR     +....                    (no boots)
Stlth  +.........               u - amulet of magic regeneration
                                t - ring of wizardry
                                E - ring of see invisible

@: confused
A: no striking features
a: Renounce Religion


You were in an ice cave.
You worshipped Vehumet.
Vehumet was greatly pleased with you.
You were very hungry.

You visited 2 branches of the dungeon, and saw 13 of its levels.
You also visited: Ice Cave.

You collected 596 gold pieces.

Inventory:

Hand Weapons
 b - a +2 triple sword of freezing
 q - a +1 executioner's axe of freezing
Missiles
 g - 206 stones (quivered)
Armour
 f - a +1 cloak (worn)
 B - a +2 hat (worn)
 O - the +1 ring mail "Laff" (worn) {Int+2}
   (You found it on level 9 of the Dungeon)

   It affects your intelligence (+2).
Magical Staves
 H - an uncursed staff of energy (weapon)
Jewellery
 t - a ring of wizardry (right hand)
 u - an amulet of magic regeneration (around neck)
 E - a ring of see invisible (left hand)
Scrolls
 i - 6 scrolls of amnesia
 l - a scroll of blinking
 n - 6 scrolls of remove curse
 o - 2 scrolls of magic mapping
 p - 4 scrolls of enchant armour
 r - a scroll of silence
 x - a scroll of acquirement
 y - 2 scrolls of fear
 C - 2 scrolls of teleportation
 F - a scroll of identify
 K - 2 scrolls of recharging
Potions
 a - a potion of flight {unknown}
 d - a potion of curing
 e - a potion of lignification
 j - 2 potions of might
 m - a potion of beneficial mutation
 w - 2 potions of cure mutation
 z - 2 potions of haste
 A - a potion of cancellation
 J - 3 potions of agility
 P - a potion of magic
Comestibles
 c - 12 bread rations
 h - 2 royal jellies
 k - 2 beef jerkies


   Skills:
 + Level 1.6 Fighting
 + Level 0.6 Staves
 + Level 2.3 Armour
 + Level 5.7 Dodging
 + Level 3.6 Stealth
 + Level 14.9 Spellcasting
 + Level 11.0 Conjurations
 + Level 12.1 Fire Magic
 + Level 3.3 Earth Magic


You had 23 spell levels left.
You knew the following spells:

 Your Spells              Type           Power        Failure   Level  Hunger
a - Flame Tongue          Conj/Fire      #####        1%          1    None
b - Throw Flame           Conj/Fire      ######       1%          2    None
c - Conjure Flame         Conj/Fire      ######..     1%          3    None
d - Sandblast             Erth           #####.       1%          1    None
e - Bolt of Magma         Conj/Fire/Erth ######....   1%          5    None
f - Fireball              Conj/Fire      ######....   1%          5    None


Dungeon Overview and Level Annotations

Branches:
Dungeon (12/15)            Temple (1/1) D:6            Lair (0/6) D:11
    Orc (0/2) D:10

Altars:
Ashenzari
Cheibriados
Dithmenos
Elyvilon
Fedhas
Gozag
Hepliaklqana
Kikubaaqudgha
Makhleb
Nemelex Xobeh
Okawaru
Qazlal
Ru
Sif Muna
Trog
Uskayaw
Vehumet
Xom
Yredelemnul
Zin
The Shining One


Message History

Aim: a reaper, wielding a scythe of freezing (freezing vapour, almost dead)
The flame tongue hits the reaper.
The reaper appears unharmed.
The reaper is almost dead.
You hear a sizzling sound!
Casting: Flame Tongue
Confirm with . or Enter, or press ? or * to list all spells.
Aiming: Flame Tongue
Press: ? - help, Shift-Dir - straight line, f/p - reaper
Aim: a reaper, wielding a scythe of freezing (almost dead)
The flame tongue hits the reaper.
The reaper appears unharmed.
The reaper is almost dead.
The reaper hits you from afar with a scythe of freezing!
* * * LOW HITPOINT WARNING * * *
The reaper freezes you.
* * * LOW HITPOINT WARNING * * *
You are confused.
You feel invigorated.
The reaper hits you from afar with a scythe of freezing!!!
Ouch! That really hurt!
You die...

#§§...## ##≈.## ##.§....#
##....# #≈§§....##
##..#..## #§.§...§§#
#...###.##
###§§...§§###..####..#
#§§#.#..§§§#§§##..#..##
##§§#.##.§§§§§##...##..#
#≈.§#..###§§§§##....#..#
##.§§§§.@.#§§§###....##..
#..§§§§...#§§§# ##....#..
#§§####2..#.§.# ##.#.##..
... ........# #..###...
.# §§....#..# #...##..#
§#§#..##.## #.......#
§§#5##.# #..#...## §§ #.
.. ##..#..## ## .. #..
#...####


You could see a reaper and a white imp.

Vanquished Creatures
  Nergalle (D:10)
  The ghost of McKennaii the Thaumaturge, a novice DEFE of Vehumet (D:8)
  2 hill giants (D:11)
  4 centaur zombies
  3 ice statues
  The ghost of QuCean the Ruffian, a novice TrMo (D:5)
  Psyche (D:9)
  A molten gargoyle (D:12)
  A gargoyle (D:11)
  A kobold demonologist (D:10)
  A komodo dragon (D:11)
  7 ice devils (IceCv)
  2 trolls (D:10)
  4 slime creatures
  Grinder (D:6)
  2 hippogriffs
  A two-headed ogre (D:10)
  A spriggan (D:10)
  A shadow (D:12)
  4 yaks (D:9)
  3 wyverns
  A vampire (D:10)
  3 hungry ghosts
  2 water moccasins
  Duvessa (D:7)
  A swamp drake (D:11)
  4 orc warriors
  A black bear (D:8)
  3 sky beasts
  3 ice beasts
  8 ogres
  3 centaurs
  4 crocodiles (D:11)
  18 big kobolds
  Blork the orc (D:6)
  A gnoll sergeant (D:5)
  3 bullfrogs
  Dowan (D:7)
  2 crimson imps (D:8)
  4 bullfrog zombies
  3 centaur skeletons
  6 hounds
  2 bullfrog skeletons
  6 orc priests
  4 jellies
  6 iguanas
  6 worker ants
  14 orc wizards
  2 hound zombies
  2 hound skeletons
  A howler monkey skeleton (D:8)
  9 adders
  6 gnolls (D:5)
  A shadow imp (D:10)
  10 white imps (IceCv)
  3 ufetubi (IceCv)
  An adder skeleton (D:6)
  An adder zombie (D:9)
  3 worms
  2 dart slugs (D:2)
  9 leopard geckos
  35 orcs
  7 giant cockroaches
  11 hobgoblins
  20 jackals
  6 quokkas
  4 ball pythons
  10 bats
  6 frilled lizards
  2 goblins (D:2)
  A jackal zombie (D:5)
  20 kobolds
  A leopard gecko skeleton (D:8)
  A leopard gecko zombie (D:7)
  8 rats
336 creatures vanquished.

Vanquished Creatures (others)
  A white imp (IceCv)
  7 ufetubi (IceCv)
8 creatures vanquished.

Grand Total: 344 creatures vanquished

Notes
Turn   | Place    | Note
-------+----------+-------------------------------------------
     0 | D:1      | McKennaii the Deep Elf Fire Elementalist began the quest for the Orb.
     0 | D:1      | Reached XP level 1. HP: 10/10 MP: 6/6
   191 | D:1      | Reached XP level 2. HP: 15/15 MP: 6/8
   780 | D:1      | Reached XP level 3. HP: 19/19 MP: 3/9
   784 | D:1      | Learned a level 2 spell: Throw Flame
   788 | D:1      | Learned a level 3 spell: Conjure Flame
   904 | D:2      | Found a faded altar of an unknown god.
  1068 | D:2      | Found a sparkling altar of Nemelex Xobeh.
  1271 | D:2      | Reached XP level 4. HP: 24/24 MP: 8/11
  1970 | D:3      | Reached skill level 4 in Spellcasting
  2031 | D:3      | Found an ancient bone altar of Kikubaaqudgha.
  2033 | D:3      | Found a glowing golden altar of the Shining One.
  2575 | D:4      | Noticed an ogre
  2645 | D:4      | Reached XP level 5. HP: 28/28 MP: 7/13
  2652 | D:4      | Learned a level 5 spell: Fireball
  2951 | D:4      | Killed an ogre
  2951 | D:4      | Reached skill level 5 in Spellcasting
  2951 | D:4      | Reached skill level 5 in Fire Magic
  2951 | D:4      | Reached XP level 6. HP: 32/32 MP: 7/15
  3141 | D:5      | Entered Level 5 of the Dungeon
  3393 | D:5      | Reached skill level 6 in Spellcasting
  3533 | D:5      | Reached XP level 7. HP: 36/36 MP: 1/18
  3836 | D:5      | Noticed QuCean's ghost (novice TrMo)
  3847 | D:5      | Killed QuCean's ghost
  3847 | D:5      | Reached skill level 7 in Spellcasting
  3849 | D:5      | Reached XP level 8. HP: 42/42 MP: 4/21
  3904 | D:5      | Found a blossoming altar of Fedhas.
  3908 | D:5      | Found a sacrificial altar of Ru.
  3919 | D:5      | Found a bloodstained altar of Trog.
  4306 | D:6      | Noticed Grinder
  4314 | D:6      | Killed Grinder
  4314 | D:6      | Reached skill level 8 in Spellcasting
  4314 | D:6      | Reached skill level 5 in Conjurations
  4609 | D:6      | Found a staircase to the Ecumenical Temple.
  4640 | D:6      | Reached skill level 9 in Spellcasting
  4647 | Temple   | Entered the Ecumenical Temple
  4691 | Temple   | Became a worshipper of Vehumet
  5002 | D:6      | Noticed Blork the orc
  5210 | D:6      | Killed Blork the orc
  5210 | D:6      | Reached XP level 9. HP: 29/46 MP: 11/24
  5647 | D:7      | Noticed Duvessa
  5647 | D:7      | Noticed Dowan
  5651 | D:7      | Killed Duvessa
  5651 | D:7      | Killed Dowan
  5651 | D:7      | Reached skill level 5 in Dodging
  6084 | D:7      | Reached * piety under Vehumet
  6084 | D:7      | Offered knowledge of Sandblast by Vehumet.
  6084 | D:7      | Reached skill level 10 in Spellcasting
  6104 | D:7      | Learned a level 1 spell: Sandblast
  6395 | D:8      | Learned a level 5 spell: Bolt of Magma
  6475 | D:8      | Noticed McKennaii's ghost (novice DEFE)
  6647 | D:9      | Reached skill level 1 in Earth Magic
  6682 | D:9      | Reached skill level 1 in Fighting
  7558 | D:8      | Reached XP level 10. HP: 48/52 MP: 20/26
  7594 | D:8      | Reached skill level 11 in Spellcasting
  8115 | D:9      | Noticed Psyche
  8122 | D:9      | Killed Psyche
  8122 | D:9      | Reached skill level 10 in Fire Magic
  8356 | D:9      | Reached ** piety under Vehumet
  8356 | D:9      | Offered knowledge of Shock by Vehumet.
  8526 | D:9      | Noticed an ice statue
  8530 | D:9      | Killed an ice statue
  8530 | D:9      | Reached skill level 12 in Spellcasting
  8566 | D:9      | Got a faintly glowing ring mail
  8577 | D:9      | Identified the cursed +1 ring mail "Laff" {Int+2} (You found it on level 9 of the Dungeon)
  8579 | D:9      | Identified a scroll of acquirement
  8686 | D:8      | Killed McKennaii's ghost
  8799 | D:10     | Entered Level 10 of the Dungeon
  8895 | D:10     | Reached XP level 11. HP: 56/56 MP: 5/29
  8947 | D:9      | Offered knowledge of Searing Ray by Vehumet.
  9033 | D:10     | Reached skill level 13 in Spellcasting
  9355 | D:10     | Found a staircase to the Orcish Mines.
  9402 | D:10     | Reached *** piety under Vehumet
  9601 | D:10     | Noticed Nergalle
  9604 | D:10     | Reached skill level 10 in Conjurations
  9605 | D:10     | Killed Nergalle
  9605 | D:10     | Reached skill level 1 in Armour
  9776 | D:11     | Noticed a hill giant
  9779 | D:11     | Killed a hill giant
  9883 | D:11     | Offered knowledge of Stone Arrow by Vehumet.
  9943 | D:11     | Identified the Collected Works on Damage Dealing and Displacement
 10251 | D:11     | Noticed a hill giant
 10259 | D:11     | Killed a hill giant
 10272 | D:11     | Reached skill level 14 in Spellcasting
 10370 | D:11     | Found a staircase to the Lair.
 10909 | D:12     | Found a frozen archway.
 10992 | IceCv    | Entered an ice cave
 11132 | IceCv    | Reached **** piety under Vehumet
 11149 | IceCv    | Reached XP level 12. HP: 61/61 MP: 5/32
 11433 | IceCv    | Offered knowledge of Static Discharge by Vehumet.
 11442 | IceCv    | Noticed a reaper
 11448 | IceCv    | HP: 2/61 [reaper/scythe of freezing (14)]
 11449 | IceCv    | Annihilated by a reaper

Skill      XL: |  1  2  3  4  5  6  7  8  9 10 11 12 |
---------------+-------------------------------------+-----
Fire Magic     | 4 5 6 8 9 10 11 12 | 12.1
Dodging        | 3 4 5 |  5.7
Conjurations   | 2 3 4 6 7 9 10 11 | 11.0
Spellcasting   | 4 5 6 7 9 10 12 14 | 14.9
Stealth        | 3 |  3.6
Earth Magic    | 2 3 |  3.3
Fighting       | 1 |  1.6
Armour         | 2 |  2.3
Staves         | |  0.6

Action                   |  1- 3 |  4- 6 |  7- 9 | 10-12 || total
-------------------------+-------+-------+-------+-------++-------
Melee: Unarmed           |     1 |       |     2 |       ||     3
       Staff             |       |       |       |     2 ||     2
 Cast: Flame Tongue      |    82 |   138 |   276 |   275 ||   771
       Conjure Flame     |       |     3 |    14 |    13 ||    30
       Throw Flame       |       |     2 |    31 |    39 ||    72
       Fireball          |       |       |    15 |    89 ||   104
       Sandblast         |       |       |    31 |       ||    31
       Bolt of Magma     |       |       |       |    24 ||    24
  Use: Scroll            |       |       |    20 |    12 ||    32
       Potion            |       |       |     4 |     2 ||     6
  Eat: Chunk             |     1 |     7 |    12 |     7 ||    27
       Beef jerky        |       |       |     2 |       ||     2
       Meat ration       |       |       |       |     1 ||     1
Armor: Robe              |     7 |    12 |    24 |     4 ||    47
       Ring mail         |       |       |       |    33 ||    33
Dodge: Dodged            |    32 |    34 |   111 |    68 ||   245
